[ AOE2 MATCH · #504926910 ]
UnrankedHindustanis vs Incas
Rival team · LOSS
[ REPLAY ANALYSIS · EXTRACTED FROM THE RECORDED GAME ]
Feudal
10:52
Castle
23:57
Imperial
38:46
| APM avg | 49.7 |
| APM peak | 97 |
| eAPM avg | 27.3 |
| Villagers / military | 151 / 149 |
Focus
⚔️ 25.0% · 🌾 75.0%
Ghulam ×143 · Monk ×3 · Trebuchet (Packed) ×2 · Petard ×1
Feudal
10:14
Castle
27:09
Imperial
43:21
| APM avg | 30.2 |
| APM peak | 61 |
| eAPM avg | 18.0 |
| Villagers / military | 106 / 50 |
Focus
⚔️ 39.8% · 🌾 60.2%
Unknown (2550) ×58 · Petard ×37 · Archer ×7 · Kamayuk ×4 · Monk ×2
Match map
Initial resources + every placement click. Lines = walls · curves = elevation contours. ◆ gold · ⬟ stone · ● berries · ✦ relic · ◌ wall gap
Your base· ✓ Closed at 23:57 · 75t walls · no gate
Mister Piccolo's base· Open — opponent sealed themselves in
Smoothed initial terrain · ◌ = detected wall gap · hover for details
Inputs per minute
— Aron - - Mister Piccolo
Build order — Aron
First 150 of 418 actions detected
| 0:02 | Build | House |
| 0:04 | Build | House |
| 0:04 | Queue | Villager (Male) |
| 0:09 | Queue | Villager (Male) |
| 0:09 | Queue | Villager (Male) |
| 0:09 | Queue | Villager (Male) |
| 1:06 | Queue | Villager (Male) |
| 1:06 | Queue | Villager (Male) |
| 1:06 | Queue | Villager (Male) |
| 1:30 | Queue | Villager (Male) |
| 1:30 | Queue | Villager (Male) |
| 1:57 | Build | Lumber Camp |
| 2:06 | Queue | Villager (Male) |
| 2:06 | Queue | Villager (Male) |
| 2:18 | Queue | Villager (Male) |
| 2:18 | Queue | Villager (Male) |
| 2:18 | Queue | Villager (Male) |
| 2:51 | Queue | Villager (Male) |
| 2:51 | Queue | Villager (Male) |
| 3:03 | Build | House |
| 3:04 | Build | House |
| 3:11 | Queue | Villager (Male) |
| 3:39 | Queue | Villager (Male) |
| 3:39 | Queue | Villager (Male) |
| 3:39 | Queue | Villager (Male) |
| 3:39 | Queue | Villager (Male) |
| 3:54 | Build | Palisade Wall |
| 4:06 | Queue | Villager (Male) |
| 4:06 | Queue | Villager (Male) |
| 4:14 | Queue | Villager (Male) |
| 4:14 | Queue | Villager (Male) |
| 4:24 | Build | Palisade Wall |
| 4:27 | Build | Palisade Wall |
| 4:46 | Build | Palisade Wall |
| 4:59 | Research | Loom |
| 5:05 | Queue | Villager (Male) |
| 5:05 | Queue | Villager (Male) |
| 5:05 | Queue | Villager (Male) |
| 5:15 | Build | Palisade Wall |
| 5:21 | Queue | Villager (Male) |
| 5:21 | Queue | Villager (Male) |
| 5:26 | Queue | Villager (Male) |
| 5:26 | Queue | Villager (Male) |
| 5:26 | Queue | Villager (Male) |
| 5:39 | Queue | Villager (Male) |
| 5:39 | Queue | Villager (Male) |
| 5:39 | Queue | Villager (Male) |
| 5:53 | Build | Palisade Wall |
| 6:16 | Queue | Villager (Male) |
| 6:16 | Queue | Villager (Male) |
| 6:19 | Build | Palisade Wall |
| 6:27 | Build | Palisade Wall |
| 6:42 | Queue | Villager (Male) |
| 6:57 | Build | Mill |
| 7:17 | Build | House |
| 8:11 | Build | Mining Camp |
| 8:42 | Research | Feudal Age |
| 8:56 | Build | Lumber Camp |
| 9:32 | Queue | Villager (Male) |
| 9:33 | Queue | Villager (Male) |
| 10:13 | Build | Barracks |
| 10:37 | Build | House |
| 10:52 | Age | Feudal Age |
| 10:57 | Research | Double-Bit Axe |
| 10:58 | Queue | Villager (Male) |
| 11:13 | Research | Horse Collar |
| 11:20 | Build | House |
| 11:45 | Queue | Villager (Male) |
| 11:47 | Queue | Villager (Male) |
| 11:50 | Build | Blacksmith |
| 11:53 | Build | Farm |
| 11:57 | Queue | Villager (Male) |
| 11:59 | Build | Farm |
| 12:06 | Build | Farm |
| 12:22 | Build | Farm |
| 12:40 | Build | Mining Camp |
| 12:43 | Queue | Villager (Male) |
| 13:04 | Build | Farm |
| 13:10 | Build | Farm |
| 13:15 | Queue | Villager (Male) |
| 13:22 | Build | Farm |
| 13:32 | Build | House |
| 13:39 | Build | Watch Tower |
| 13:50 | Build | Watch Tower |
| 13:51 | Queue | Villager (Male) |
| 13:51 | Queue | Villager (Male) |
| 14:02 | Build | Watch Tower |
| 14:10 | Queue | Villager (Male) |
| 14:18 | Build | Watch Tower |
| 14:26 | Queue | Villager (Male) |
| 14:47 | Build | House |
| 14:52 | Build | House |
| 14:53 | Queue | Villager (Male) |
| 15:10 | Build | Market |
| 15:13 | Build | Stone Wall |
| 15:19 | Queue | Villager (Male) |
| 15:23 | Build | Mill |
| 15:37 | Build | House |
| 15:46 | Build | Stone Wall |
| 15:50 | Build | Stone Wall |
| 15:54 | Build | Farm |
| 15:56 | Queue | Villager (Male) |
| 16:31 | Build | Watch Tower |
| 16:37 | Build | Watch Tower |
| 16:38 | Queue | Villager (Male) |
| 16:58 | Build | Watch Tower |
| 17:09 | Queue | Villager (Male) |
| 17:09 | Queue | Villager (Male) |
| 17:55 | Queue | Villager (Male) |
| 17:55 | Queue | Villager (Male) |
| 17:55 | Queue | Villager (Male) |
| 18:20 | Build | Farm |
| 18:37 | Research | Fletching |
| 18:42 | Build | Farm |
| 18:54 | Build | Farm |
| 19:01 | Build | Palisade Wall |
| 19:10 | Build | House |
| 19:16 | Build | Watch Tower |
| 19:27 | Build | Watch Tower |
| 19:45 | Queue | Villager (Male) |
| 19:47 | Queue | Villager (Male) |
| 20:09 | Build | Watch Tower |
| 20:15 | Build | Farm |
| 20:17 | Queue | Villager (Male) |
| 20:54 | Queue | Villager (Male) |
| 20:54 | Queue | Villager (Male) |
| 21:17 | Research | Castle Age |
| 21:46 | Research | Gold Mining |
| 21:52 | Queue | Villager (Male) |
| 21:55 | Research | Scale Mail Armor |
| 23:17 | Build | Mining Camp |
| 23:36 | Research | Forging |
| 23:57 | Age | Castle Age |
| 24:44 | Queue | Villager (Male) |
| 24:50 | Queue | Villager (Male) |
| 24:50 | Queue | Villager (Male) |
| 24:51 | Queue | Villager (Male) |
| 25:04 | Build | Castle |
| 25:15 | Queue | Villager (Male) |
| 25:32 | Queue | Villager (Male) |
| 25:43 | Build | Farm |
| 25:43 | Queue | Villager (Male) |
| 25:43 | Queue | Villager (Male) |
| 25:53 | Build | House |
| 26:01 | Research | Chain Mail Armor |
| 26:01 | Research | Chain Mail Armor |
| 26:05 | Build | Mining Camp |
| 26:17 | Queue | Ghulam |
| 26:17 | Queue | Ghulam |
| 26:17 | Queue | Ghulam |
Build order — Mister Piccolo
First 150 of 327 actions detected
| 0:01 | Queue | Villager (Male) ×4 |
| 0:03 | Build | House |
| 0:04 | Build | House |
| 1:28 | Queue | Villager (Male) |
| 1:54 | Build | Settlement |
| 2:04 | Research | Loom |
| 2:36 | Queue | Villager (Male) |
| 2:37 | Queue | Villager (Male) |
| 3:01 | Queue | Villager (Male) |
| 3:36 | Queue | Villager (Male) |
| 3:50 | Queue | Villager (Male) |
| 4:27 | Queue | Villager (Male) |
| 4:54 | Build | Settlement |
| 5:03 | Queue | Villager (Male) |
| 5:14 | Queue | Villager (Male) |
| 5:42 | Queue | Villager (Male) |
| 5:49 | Queue | Villager (Male) |
| 6:13 | Queue | Villager (Male) |
| 6:48 | Queue | Villager (Male) |
| 7:34 | Queue | Villager (Male) |
| 8:04 | Research | Feudal Age |
| 8:33 | Build | House |
| 8:35 | Build | Palisade Wall |
| 8:41 | Build | Palisade Wall |
| 8:49 | Queue | Villager (Male) |
| 8:58 | Build | Barracks |
| 9:38 | Queue | Villager (Male) |
| 9:45 | Build | House |
| 9:59 | Queue | Unit 2550 |
| 10:06 | Build | Barracks |
| 10:07 | Queue | Villager (Male) |
| 10:14 | Age | Feudal Age |
| 10:17 | Research | Tech 1402 |
| 10:28 | Build | Palisade Wall |
| 10:31 | Queue | Villager (Male) |
| 10:36 | Queue | Unit 2550 |
| 11:08 | Build | Palisade Wall |
| 11:10 | Build | Palisade Wall |
| 11:12 | Build | Palisade Wall |
| 11:18 | Queue | Unit 2550 |
| 11:18 | Queue | Unit 2550 |
| 11:21 | Build | House |
| 11:28 | Queue | Villager (Male) |
| 11:51 | Queue | Unit 2550 |
| 11:55 | Build | Settlement |
| 11:56 | Queue | Villager (Male) |
| 12:10 | Queue | Unit 2550 |
| 12:10 | Queue | Unit 2550 |
| 12:22 | Build | Palisade Wall |
| 12:24 | Build | Palisade Wall |
| 12:27 | Build | Palisade Wall |
| 12:35 | Queue | Unit 2550 |
| 12:36 | Queue | Unit 2550 |
| 12:49 | Queue | Villager (Male) |
| 12:58 | Queue | Unit 2550 |
| 12:59 | Queue | Unit 2550 |
| 13:07 | Build | Palisade Gate |
| 13:17 | Queue | Unit 2550 |
| 13:17 | Queue | Unit 2550 |
| 13:19 | Build | Farm |
| 13:24 | Build | Farm |
| 13:37 | Build | Market |
| 13:39 | Queue | Villager (Male) |
| 14:02 | Build | Blacksmith |
| 14:04 | Queue | Villager (Male) |
| 14:19 | Research | Arson |
| 14:50 | Queue | Villager (Male) |
| 14:57 | Queue | Unit 2550 |
| 14:58 | Queue | Unit 2550 |
| 15:18 | Build | Farm |
| 15:18 | Build | Farm |
| 15:21 | Build | Farm |
| 15:21 | Build | Farm |
| 15:21 | Build | Farm |
| 15:23 | Queue | Villager (Male) |
| 15:27 | Build | Farm |
| 15:43 | Queue | Unit 2550 |
| 15:43 | Queue | Unit 2550 |
| 15:49 | Queue | Villager (Male) |
| 15:55 | Build | Farm |
| 16:16 | Research | Forging |
| 16:16 | Research | Forging |
| 16:21 | Queue | Villager (Male) |
| 16:34 | Queue | Unit 2550 |
| 16:34 | Queue | Unit 2550 |
| 16:43 | Queue | Villager (Male) |
| 16:55 | Queue | Unit 2550 |
| 16:55 | Queue | Unit 2550 |
| 17:03 | Queue | Unit 2550 |
| 17:03 | Queue | Unit 2550 |
| 17:10 | Queue | Unit 2550 |
| 17:10 | Queue | Unit 2550 |
| 17:10 | Queue | Unit 2550 |
| 17:20 | Build | Farm |
| 17:20 | Build | Farm |
| 17:20 | Build | Farm |
| 17:32 | Queue | Unit 2550 |
| 17:32 | Queue | Unit 2550 |
| 17:58 | Queue | Villager (Male) |
| 17:58 | Queue | Villager (Male) |
| 18:08 | Build | Watch Tower |
| 18:23 | Queue | Unit 2550 |
| 18:24 | Queue | Unit 2550 |
| 18:27 | Build | Farm |
| 18:34 | Build | Settlement |
| 18:36 | Queue | Villager (Male) |
| 18:53 | Research | Fletching |
| 18:57 | Build | Farm |
| 19:11 | Queue | Villager (Male) |
| 19:34 | Build | Archery Range |
| 19:52 | Queue | Villager (Male) |
| 20:08 | Queue | Villager (Male) |
| 20:25 | Build | Watch Tower |
| 20:31 | Queue | Archer |
| 20:31 | Queue | Archer |
| 20:38 | Research | Double-Bit Axe |
| 20:39 | Queue | Villager (Male) |
| 20:40 | Queue | Villager (Male) |
| 20:56 | Queue | Villager (Male) |
| 21:10 | Queue | Archer |
| 21:12 | Queue | Villager (Male) |
| 21:24 | Queue | Archer |
| 21:45 | Build | Watch Tower |
| 21:58 | Queue | Archer |
| 22:16 | Queue | Archer |
| 22:29 | Research | Horse Collar |
| 23:04 | Queue | Archer |
| 23:09 | Queue | Villager (Male) |
| 23:36 | Build | Watch Tower |
| 24:28 | Build | House |
| 24:29 | Research | Castle Age |
| 24:53 | Build | House |
| 24:58 | Build | Barracks |
| 25:47 | Build | Farm |
| 25:56 | Build | House |
| 26:04 | Research | Town Watch |
| 26:35 | Queue | Unit 2550 |
| 26:35 | Queue | Unit 2550 |
| 26:36 | Queue | Unit 2550 |
| 26:38 | Research | Scale Mail Armor |
| 27:00 | Build | Settlement |
| 27:09 | Age | Castle Age |
| 27:23 | Research | Tech 1351 |
| 27:30 | Research | Iron Casting |
| 27:35 | Queue | Villager (Male) |
| 27:38 | Queue | Unit 2550 |
| 27:38 | Queue | Unit 2550 |
| 27:38 | Queue | Unit 2550 |
| 27:52 | Build | Settlement |
| 27:54 | Queue | Villager (Male) |
Match timeline
| 3:54 | Aron · wall_segment Palisade Wall x12 |
| 4:24 | Aron · wall_segment Palisade Wall x4 |
| 4:27 | Aron · wall_segment Palisade Wall x12 |
| 4:46 | Aron · wall_segment Palisade Wall x14 |
| 5:15 | Aron · wall_segment Palisade Wall x1 |
| 5:53 | Aron · wall_segment Palisade Wall x18 |
| 6:19 | Aron · wall_segment Palisade Wall x8 |
| 6:27 | Aron · wall_segment Palisade Wall x6 |
| 8:35 | Mister Piccolo · wall_segment Palisade Wall x8 |
| 8:41 | Mister Piccolo · wall_segment Palisade Wall x1 |
| 8:58 | Mister Piccolo · first_building Barracks |
| 10:13 | Aron · first_building Barracks |
| 10:14 | Mister Piccolo · age_up feudal |
| 10:28 | Mister Piccolo · wall_segment Palisade Wall x5 |
| 10:52 | Aron · age_up feudal |
| 11:08 | Mister Piccolo · wall_segment Palisade Wall x1 |
| 11:10 | Mister Piccolo · wall_segment Palisade Wall x1 |
| 11:12 | Mister Piccolo · wall_segment Palisade Wall x1 |
| 12:22 | Mister Piccolo · wall_segment Palisade Wall x1 |
| 12:24 | Mister Piccolo · wall_segment Palisade Wall x1 |
| 12:27 | Mister Piccolo · wall_segment Palisade Wall x1 |
| 15:13 | Aron · wall_segment Stone Wall x7 |
| 15:46 | Aron · wall_segment Stone Wall x1 |
| 15:50 | Aron · wall_segment Stone Wall x1 |
| 16:15 | Mister Piccolo · first_market_buy 100 food |
| 16:50 | Aron · first_market_buy 100 stone |
| 19:01 | Aron · wall_segment Palisade Wall x1 |
| 19:34 | Mister Piccolo · first_building Archery Range |
| 23:57 | Aron · age_up castle |
| 24:47 | Aron · first_market_sell 500 food |
| 25:04 | Aron · first_building Castle |
| 27:09 | Mister Piccolo · age_up castle |
| 28:37 | Aron · first_building Monastery |
| 35:17 | Mister Piccolo · first_building Castle |
| 35:25 | Mister Piccolo · first_building Monastery |
| 38:46 | Aron · age_up imperial |
| 39:38 | Aron · first_building Archery Range |
| 39:39 | Mister Piccolo · first_market_sell 100 food |
| 43:21 | Mister Piccolo · age_up imperial |
| 43:32 | Mister Piccolo · resign |
[ AI ANALYSIS · 1 CREDIT ]
What really happened in this match?
Wolo.gg analyzes every decision: build order, eco, micro, common mistakes by bracket. Personalized analysis on WhatsApp or Discord in 30 seconds.
Civ guide
Hindustanis
Perfil
Jugador #412356